AoeStats
← Crazy_Owl

Migration

510180977Analyzed
1v1 RM · 4d ago on Sep 29, 2026· 44m 31s· 2 players
Game mode
Random Map
Map size
132×132
Population
200
Speed
Normal
Resources
Standard
Victory
Conquest
Starting age
Dark Age
Ending age
Imperial Age
RankedLock teamsTeams togetherTeam positionsShared explorationLock speedFull tech treeHidden civsTurbo modeCheats
Victory
Defeat
🇳🇱 Goths · Netherlands
952
+18
🇧🇷 Cumans · Brazil
993
-18
Crazy_Owl
11:39 Feudal Age
13:10 Wheelbarrow
12:34 Double-Bit Axe
12:37 Horse Collar
17:01 Castle Age
18:06 Bow Saw
18:07 Heavy Plow
20:57 Loom
21:28 Stone Mining
24:14 Fletching
25:59 Scale Mail Armor
27:30 Ballistics
28:59 Squires
29:25 Murder Holes
34:22 Imperial Age
33:00 Hand Cart
35:39 Squires
35:34 Pikeman
36:44 Anarchy
38:08 Elite Huskarl
40:29 Halberdier
43:06 Conscription
43:24 Halberdier
Alexandre
11:37 Loom
13:25 Feudal Age
15:23 Double-Bit Axe
20:45 Castle Age
19:54 Gold Mining
20:37 Loom
20:39 Horse Collar
21:12 Forging
20:53 Fletching
21:11 Scale Barding Armor
20:57 Fletching
20:51 Pikeman
21:32 Squires
22:48 Medium Warships
22:38 Stone Mining
22:51 Padded Archer Armor
23:27 Steppe Husbandry
26:19 Bodkin Arrow
29:25 Light Cavalry
30:15 Bloodlines
30:56 Chain Barding Armor
38:29 Imperial Age
37:42 Iron Casting
39:56 Wheelbarrow
39:22 Murder Holes
39:54 Cavalier
42:58 Heavy Cavalry Archer
Connection lost

Rejoining the realm…

Still unreachable

The connection could not be restored.

Session expired

The server has moved on; the page needs a fresh start.